 Dungeon Crawl Stone Soup version 0.30.1-4-g462c640d31 (webtiles) character file.

Game seed: 12547444363647812034

417 spardeous the Conjurer (level 6, -7/45 HPs)
             Began as a Demigod Conjurer on Aug 24, 2023.
             Engulfed by a cloud of steam (11 damage)
             ... on level 5 of the Dungeon.
             The game lasted 00:03:25 (3603 turns).

spardeous the Conjurer (Demigod Conjurer)           Turns: 3603, Time: 00:03:26

Health: -7/45      AC:  7    Str: 16    XL:     6   Next: 34%
Magic:  2/12       EV: 11    Int: 20    God:
Gold:   188        SH:  5    Dex: 12    Spells: 2/9 levels left

rFire   . . .        l - +2 sling (drain)
rCold   + . .        (no shield)
rNeg    . . .        h - +0 ring mail
rPois   .            i - +1 helmet
rElec   .            (no cloak)
rCorr   .            (no gloves)
SInv    .            (no boots)
Will    .....        k - amulet of reflection
Stlth   +            g - ring of protection from cold
HPRegen 0.27/turn    (no ring)
MPRegen 0.13/turn

%: reflection
@: no status effects
A: high MP 1, forlorn, divine attributes
a: no special abilities


You were on level 5 of the Dungeon.
You visited 1 branch of the dungeon, and saw 5 of its levels.

You collected 188 gold pieces.

Inventory:

Hand Weapons
 l - a +2 sling of draining (weapon)
Armour
 h - a +0 ring mail (worn)
 i - a +1 helmet (worn)
Jewellery
 g - a ring of protection from cold (left hand)
 k - an amulet of reflection (around neck)
 p - a ring of fire
Scrolls
 c - 3 scrolls of blinking {unknown}
 e - 3 scrolls of identify {unknown}
 n - 2 scrolls of magic mapping {unknown}
 q - 2 scrolls of enchant weapon {unknown}
 r - a scroll of amnesia {unknown}
 t - a scroll of teleportation {unknown}
 v - a scroll of fear {unknown}
 w - a scroll of fog {unknown}
Potions
 a - a potion of lignification {unknown}
 b - a potion of magic
 d - a potion of might {unknown}
 f - 4 potions of curing {unknown}
 j - 2 potions of haste {unknown}
 m - a potion of brilliance {unknown}
 o - 2 potions of degeneration {unknown}
 s - 2 potions of attraction {unknown}
 u - a potion of mutation {unknown}


   Skills:
 - Level 1.7 Dodging
 - Level 1.7 Stealth
 - Level 2.4 Spellcasting
 + Level 7.0 Conjurations


You had 2 spell levels left.
You knew the following spells:

 Your Spells              Type           Power      Damage    Failure   Level
a - Magic Dart            Conj           100%       1d8       1%          1
b - Searing Ray           Conj           60%        2d6       2%          2
c - Iskenderun's Mystic   Conj/Tloc      16%        2d5       56%         4

Your spell library contained the following spells:

 Spells                   Type           Power      Damage    Failure   Level
 Freeze                   Ice            8%         1d3       28%         1
 Ensorcelled Hibernation  Hex/Ice        4%         N/A       41%         2
 Dazzling Flash           Conj/Hex       32%        N/A       21%         3
 Hailstorm                Conj/Ice       16%        3d6       21%         3
 Fulminant Prism          Conj/Hex       8%         3d6       56%         4
 Sticky Flame             Conj/Fire      16%        2d4       56%         4
 Frozen Ramparts          Ice            4%         1d1       65%         3
 Ignite Poison            Fire/Tmut/Pois 2%         N/A       65%         3
 Spider Form              Tmut/Pois      2%         N/A       65%         3
 Anguish                  Hex/Necr       1%         N/A       96%         4
 Ignition                 Fire           1%         3d3       100%        8


Dungeon Overview and Level Annotations

Branches:
Dungeon (5/15)             Temple (0/1) D:5


Innate Abilities, Weirdness & Mutations

You have an increased reservoir of magic. (+10% MP)
You shall have no god before yourself.
Your divine heritage dramatically boosts your attributes as you level up.


Message History

You are engulfed in a cloud of scalding steam.
You now have 7/11 mp.
You finish channelling your searing ray.
You are engulfed in a cloud of scalding steam.
* * * LOW HITPOINT WARNING * * *
You take 10 damage, and have 15/38 hp.
MASSIVE DAMAGE!!
You now have 6/11 mp.
Casting: Searing Ray (safe; 3% risk of failure)
Confirm with . or Enter, or press ? or * to list all spells.
Aiming: Searing Ray (safe; 3% risk of failure)
Press: ? - help, Shift-Dir - straight line, f/p - steam dragon
Aim: a steam dragon (heavily wounded, 79% to hit)
The searing ray hits the steam dragon!
The steam dragon is severely wounded. (Press . to maintain the ray.)
An orc comes into view. It is wielding a +0 short sword.
You now have 4/11 mp.
The searing ray hits the steam dragon but does no damage.
The steam dragon is severely wounded.
The orc shouts!
You now have 3/11 mp.
The searing ray hits the steam dragon!
The steam dragon is almost dead.
The steam dragon breathes steam at you. The ball of steam hits you!
* * * LOW HITPOINT WARNING * * *
You take 7 damage, and have 8/38 hp.
The searing ray hits the steam dragon.
You kill the steam dragon!
The steam dragon scales are intact enough to wear.
You finish channelling your searing ray.
You are engulfed in a cloud of scalding steam.
* * * LOW HITPOINT WARNING * * *
Your Conjurations skill increases to level 7!
You have reached level 6!
Your experience leads to a dramatic increase in your attributes!
Increase (S)trength, (I)ntelligence, or (D)exterity?
You feel stronger. x4
You take 4 damage, and have 4/45 hp.
You now have 2/12 mp.
You are engulfed in a cloud of scalding steam.
You die...

#.########## #.#
#..........# #.#
#....#.#...# #.#
#..)#.#.#..## #.#
##.#.#.#.#..# #.#
#..#.>.#...# #.# .
#[#.#.#.#..###§# ...
#..#)#.#....§§§########..###
#...#.#....§§..@§§..o.......
#.........############..####
##.#[###### ## #....#
...#### ###


There were no monsters in sight!

Vanquished Creatures
  A steam dragon (D:5)
  A gnoll bouda (D:4)
  Jessica (D:2)
  2 orc wizards (D:3)
  Robin (D:2)
  3 gnolls (D:4)
  3 adders (D:4)
  4 worms
  2 dart slugs
  2 orcs (D:3)
  5 ball pythons
  6 bats
  6 endoplasms
  3 giant cockroaches
  18 goblins
  14 hobgoblins
  5 jackals
  7 kobolds
  2 quokkas
  3 frilled lizards
  3 rats
92 creatures vanquished.

Notes
Turn   | Place    | Note
-------+----------+-------------------------------------------
     0 | D:1      | spardeous the Demigod Conjurer began the quest for the Orb.
     0 | D:1      | Reached XP level 1. HP: 14/14 MP: 5/5
    88 | D:1      | You fall into a shaft and drop 1 floor!
    94 | D:2      | Noticed Jessica
    96 | D:2      | Killed Jessica
    97 | D:2      | Reached skill level 4 in Conjurations
    97 | D:2      | Reached XP level 2. HP: 20/20 MP: 3/7
   214 | D:2      | Reached XP level 3. HP: 26/26 MP: 6/9
   231 | D:2      | Noticed Robin
  1114 | D:1      | Learned a level 2 spell: Searing Ray
  1121 | D:2      | Killed Robin
  1307 | D:2      | Reached XP level 4. HP: 33/33 MP: 5/10
  1504 | D:2      | Reached skill level 5 in Conjurations
  2475 | D:3      | Reached XP level 5. HP: 29/38 MP: 11/11
  2657 | D:3      | Learned a level 4 spell: Iskenderun's Mystic Blast
  3042 | D:4      | Reached skill level 6 in Conjurations
  3551 | D:5      | Entered Level 5 of the Dungeon
  3558 | D:5      | Found a staircase to the Ecumenical Temple.
  3568 | D:5      | Identified the +6 dagger "Jelly's Funeral" {vamp, Int+4}
  3589 | D:5      | Noticed a steam dragon
  3602 | D:5      | Killed a steam dragon
  3603 | D:5      | Reached skill level 7 in Conjurations
  3603 | D:5      | Reached XP level 6. HP: 4/45 MP: 2/12
  3603 | D:5      | Engulfed by a cloud of steam

Illustrated notes

Levels and vault maps discovered:
D:1:      erik_arrival_orb_chamber, layout_basic,
          shapermc_ecumenical_altar_hornbeckon
D:2:      layout_rooms, grunt_ministairs_9, uniq_robin, uniq_jessica
D:3:      layout_loops_cross, dreamdust_mushroom_princess, serial_bayou_pond_d
D:4:      layout_basic
D:5:      layout_basic, kennysheep_little_box, minmay_temple_entry_grid,
          nicolae_shop_firing_range, uniq_sigmund

Skill      XL: |  1  2  3  4  5 |
---------------+----------------+-----
Spellcasting   | 2 |  2.4
Conjurations   | 4 5 7 |  7.0
Dodging        | |  1.7
Stealth        | |  1.7

Action                     |  1- 3 |  4- 6 || total
---------------------------+-------+-------++-------
  Melee: Unarmed           |     3 |     4 ||     7
         Sling             |       |     2 ||     2
   Fire: Sling             |       |    30 ||    30
   Cast: Magic Dart        |    62 |    74 ||   136
         Searing Ray       |     2 |     5 ||     7
 Armour: Ring mail         |     7 |    21 ||    28
         Robe              |     2 |       ||     2
  Dodge: Dodged            |    26 |    15 ||    41
  Block: Other             |       |     7 ||     7
         Reflection        |       |     3 ||     3
